 Dungeon Crawl Stone Soup version 0.29-a0-459-g97dee8cd24 (webtiles) character file.

Game seed: 9158248003247841607

60 croobank the Firebug (level 4, -4/32 HPs)
             Began as a Gnoll Fire Elementalist on May 20, 2022.
             Slain by a gnoll
             ... wielding a +0 halberd
              (9 damage)
             ... on level 2 of the Dungeon.
             The game lasted 00:05:45 (1550 turns).

croobank the Firebug (Gnoll Fire Elementalist)      Turns: 1550, Time: 00:05:45

Health: -4/32      AC:  2    Str:  7    XL:     4   Next: 4%
Magic:  2/11       EV: 13    Int: 17    God:
Gold:   79         SH:  0    Dex: 12    Spells: 10/13 levels left

rFire   . . .      SeeInvis .   a - +2 dagger (venom)
rCold   . . .      Faith    .   (no shield)
rNeg    . . .      Spirit   .   h - +0 robe
rPois   .          Reflect  .   (no helmet)
rElec   .          Harm     .   (no cloak)
rCorr   .          Rampage  .   (no gloves)
Will    .....                   (no boots)
Stlth   ++........              (no amulet)
HPRegen 0.10/turn               (no ring)
MPRegen 0.12/turn               (no ring)

@: about to teleport
A: fangs 1, strong nose, distributed training
a: no special abilities


You were on level 2 of the Dungeon.
You visited 1 branch of the dungeon, and saw 2 of its levels.

You collected 112 gold pieces.
You spent 33 gold pieces at shops.

Inventory:

Hand Weapons
 a - a +2 dagger of venom (weapon)
 d - a +2 mace of protection
 e - a +2 dagger of protection
Missiles
 j - 24 stones
Armour
 h - a +0 robe (worn)
Scrolls
 c - a scroll of identify {unknown}
 g - a scroll of torment {unknown}
 k - a scroll of teleportation
Potions
 b - a potion of magic
 f - a potion of cancellation {unknown}
 i - a potion of haste {unknown}
 l - a potion of heal wounds {unknown}
 m - a potion of invisibility {unknown}


   Skills:
 + Level 1.0 Fighting
 + Level 1.0 Short Blades
 + Level 1.0 Long Blades
 + Level 1.0 Axes
 + Level 1.0 Maces & Flails
 + Level 1.0 Polearms
 + Level 1.0 Staves
 + Level 1.0 Slings
 + Level 1.0 Bows
 + Level 1.0 Crossbows
 + Level 1.0 Throwing
 + Level 1.0 Armour
 + Level 4.6 Dodging
 + Level 4.2 Stealth
 + Level 1.0 Shields
 + Level 1.0 Unarmed Combat
 + Level 5.0 Spellcasting
 + Level 2.2 Conjurations
 + Level 0.7 Hexes
 + Level 0.7 Summonings
 + Level 0.7 Necromancy
 + Level 0.7 Translocations
 + Level 0.7 Transmutations
 + Level 5.4 Fire Magic
 + Level 0.7 Ice Magic
 + Level 0.7 Air Magic
 + Level 0.7 Earth Magic
 + Level 0.7 Poison Magic
 + Level 1.1 Invocations
 + Level 1.0 Evocations


You had 10 spell levels left.
You knew the following spells:

 Your Spells              Type           Power      Damage    Failure   Level
a - Foxfire               Conj/Fire      68%        2x1d7     3%          1
b - Scorch                Fire           44%        2d7       2%          2

Your spell library contained the following spells:

 Spells                   Type           Power      Damage    Failure   Level
 Conjure Flame            Conj/Fire      17%        6-21      9%          3
 Apportation              Tloc           12%        N/A       11%         1
 Necrotize                Necr           24%        1d5       11%         1
 Summon Small Mammal      Summ           24%        N/A       11%         1
 Inner Flame              Hex/Fire       14%        N/A       12%         3
 Flame Wave               Conj/Fire      17%        2d6       28%         4
 Gell's Gravitas          Tloc           6%         N/A       30%         3
 Lesser Beckoning         Tloc           6%         N/A       30%         3
 Teleport Other           Tloc           6%         N/A       30%         3
 Alistair's Intoxication  Tmut/Pois      4%         N/A       96%         5
 Borgnjor's Vile Clutch   Necr/Erth      3%         N/A       96%         5
 Eringya's Noxious Bog    Tmut/Pois      3%         N/A       100%        6
 Summon Cactus Giant      Summ           3%         N/A       100%        6


Dungeon Overview and Level Annotations

Branches:
Dungeon (2/15)

Altars:

Shops:
D:2 *

Annotations:
D:2 Sigmund


Innate Abilities, Weirdness & Mutations

You have very sharp teeth.
Your uncanny sense of smell can sniff out nearby items.
Your experience applies equally to all skills.


Message History

Your Crossbows skill increases to level 1!
Your Throwing skill increases to level 1!
Your Armour skill increases to level 1!
Your Shields skill increases to level 1!
Your Unarmed Combat skill increases to level 1!
Your Evocations skill increases to level 1!
You have reached level 4!
You feel clever.
You start resting.
A gnoll is nearby!
Casting: Scorch (safe; 2% risk of failure)
Confirm with . or Enter, or press ? or * to list all spells.
Okay, then.
A gnoll comes into view. It is wielding a +0 halberd.
The gnoll shouts!
The gnoll hits you with a +0 whip. The gnoll barely misses you.
Things that are here:
a +0 club; a +0 club; a gnoll corpse You closely miss the gnoll.
Your bite misses the gnoll. The gnoll closely misses you.
Casting: Scorch (safe; 2% risk of failure)
Confirm with . or Enter, or press ? or * to list all spells.
Flames lash the gnoll.
The gnoll is almost dead.
The gnoll's fire resistance burns away.
The gnoll hits you with a +0 whip. The gnoll closely misses you.
Casting: Scorch (safe; 2% risk of failure)
Confirm with . or Enter, or press ? or * to list all spells.
You don't have enough magic to cast this spell.
You closely miss the gnoll. You bite the gnoll, but do no damage.
The gnoll is almost dead.
The gnoll completely misses you.
The gnoll hits you from afar with a +0 halberd!
The gnoll attacks as you move away! The gnoll hits you with a +0 whip!
* * * LOW HITPOINT WARNING * * *
The gnoll attacks as you move away! The gnoll barely misses you.
As you read the scroll of teleportation, it crumbles to dust.
You feel strangely unstable.
The gnoll hits you from afar with a +0 halberd!
You die...

.g. ..# #.###.### #g#
#.# #.#.....# #.#
#.###.#.#.#.## #.#
#..........>#.
#.#######.###.#.#.#...
#.##...##.# #.#.......
#..g...##.# #....).<..
####.g.##.############
##@###.......# # #.#
#######.###### #.#
#....... #.# ########
#.###############
#...............#
##########..###.##
#..# #... #..###.##


You could see 2 gnolls.

Vanquished Creatures
  2 gnolls (D:2)
  An adder (D:2)
  A ball python (D:1)
  4 bats (D:1)
  A giant cockroach (D:1)
  5 goblins
  5 hobgoblins
  3 jackals (D:1)
  A quokka (D:1)
  A frilled lizard (D:1)
  2 kobolds
  2 rats (D:1)
  A spectral kobold (D:1)
29 creatures vanquished.

Vanquished Creatures (others)
  31 foxfires (D:1)
31 creatures vanquished.

Grand Total: 60 creatures vanquished

Notes
Turn   | Place    | Note
-------+----------+-------------------------------------------
     0 | D:1      | croobank the Gnoll Fire Elementalist began the quest for
                  | the Orb.
     0 | D:1      | Reached XP level 1. HP: 13/13 MP: 6/6
   127 | D:1      | Reached XP level 2. HP: 8/19 MP: 5/7
   440 | D:1      | Learned a level 2 spell: Scorch
   487 | D:1      | Found a faded altar of an unknown god.
   857 | D:1      | Reached XP level 3. HP: 16/25 MP: 9/9
  1135 | D:1      | Reached skill level 5 in Spellcasting
  1270 | D:2      | Noticed Sigmund
  1299 | D:2      | Found Egigukot's General Store.
  1304 | D:2      | Reached skill level 1 in Invocations
  1355 | D:2      | Bought a scroll of teleportation for 33 gold pieces
  1539 | D:2      | Reached skill level 1 in Fighting
  1539 | D:2      | Reached skill level 1 in Short Blades
  1539 | D:2      | Reached skill level 1 in Long Blades
  1539 | D:2      | Reached skill level 1 in Axes
  1539 | D:2      | Reached skill level 1 in Maces & Flails
  1539 | D:2      | Reached skill level 1 in Polearms
  1539 | D:2      | Reached skill level 1 in Staves
  1539 | D:2      | Reached skill level 1 in Slings
  1539 | D:2      | Reached skill level 1 in Bows
  1539 | D:2      | Reached skill level 1 in Crossbows
  1539 | D:2      | Reached skill level 1 in Throwing
  1539 | D:2      | Reached skill level 1 in Armour
  1539 | D:2      | Reached skill level 1 in Shields
  1539 | D:2      | Reached skill level 1 in Unarmed Combat
  1539 | D:2      | Reached skill level 1 in Evocations
  1539 | D:2      | Reached XP level 4. HP: 32/32 MP: 2/11
  1550 | D:2      | Slain by a gnoll

Illustrated notes

Levels and vault maps discovered:
D:1:      dpeg_arrival_radiant, layout_basic,
          dreamdust_ecumenical_altar_drowned_temple
D:2:      layout_loops_ring, serial_shops, nicolae_shop_stone, uniq_sigmund

Skill      XL: |  1  2  3 |
---------------+----------+-----
Conjurations   | 2 |  2.2
Spellcasting   | 5 |  5.0
Invocations    | 1 |  1.1
Fighting       | 1 |  1.0
Short Blades   | 1 |  1.0
Long Blades    | 1 |  1.0
Axes           | 1 |  1.0
Maces & Flails | 1 |  1.0
Polearms       | 1 |  1.0
Staves         | 1 |  1.0
Slings         | 1 |  1.0
Bows           | 1 |  1.0
Crossbows      | 1 |  1.0
Throwing       | 1 |  1.0
Armour         | 1 |  1.0
Shields        | 1 |  1.0
Unarmed Combat | 1 |  1.0
Evocations     | 1 |  1.0
Dodging        | |  4.6
Stealth        | |  4.2
Hexes          | |  0.7
Summonings     | |  0.7
Necromancy     | |  0.7
Translocations | |  0.7
Transmutations | |  0.7
Fire Magic     | |  5.4
Ice Magic      | |  0.7
Air Magic      | |  0.7
Earth Magic    | |  0.7
Poison Magic   | |  0.7

Action                   |  1- 3 |  4- 6 || total
-------------------------+-------+-------++-------
Melee: Dagger            |    15 |     2 ||    17
       Unarmed           |     1 |       ||     1
       Bite              |       |     1 ||     1
 Cast: Foxfire           |    17 |       ||    17
       Scorch            |    14 |     1 ||    15
  Use: Scroll            |       |     1 ||     1
 Stab: Sleeping          |     2 |       ||     2
Armor: Robe              |     7 |       ||     7
Dodge: Dodged            |    29 |     5 ||    34

Table legend: (Time is in decaauts)
 A = Elapsed time spent in this place.
 B = Non-inter-level travel time spent in this place.
 C = Inter-level travel time spent in this place.
 D = Time resting spent in this place.
 E = Time spent auto-exploring this place.
 F = Levels seen in this place.
 G = Mean time per level.
                   A        B        C        D        E       F      G
               +--------+--------+--------+--------+--------+-----+--------+
         Total |   1554 |   1552 |      2 |    566 |    667 |   2 |  777.0 |
       Dungeon |   1554 |   1552 |      2 |    566 |    667 |   2 |  777.0 |
               +--------+--------+--------+--------+--------+-----+--------+

Top non-repeatable levels by time:
     D:1: 1253 daAuts
     D:2: 301 daAuts
